 Dungeon Crawl Stone Soup version 0.24-a0-536-gdd4cf15 (webtiles) character file.

Game seed: 8578111151810713777

64 Faca the Conjurer (level 3, 0/26 HPs)
             Began as a Draconian Conjurer on Aug 12, 2019.
             Slain by a gnoll
             ... wielding a +0 halberd
              (10 damage)
             ... on level 2 of the Dungeon.
             The game lasted 00:06:05 (1615 turns).

Faca the Conjurer (Draconian Conjurer)              Turns: 1615, Time: 00:06:06

Health: 0/26       AC:  5    Str: 10    XL:     3   Next: 91%
Magic:  5/7        EV: 12    Int: 16    God:
Gold:   75         SH:  0    Dex: 11    Spells: 7/8 levels left

rFire    . . .     SeeInvis .   c - +0 dagger
rCold    . . .     Gourm    .   (no shield)
rNeg     . . .     Faith    .   (armour unavailable)
rPois    .         Spirit   .   (helmet restricted)
rElec    .         Reflect  .   (no cloak)
rCorr    .         Harm     .   (no gloves)
MR       .....                  (no boots)
Stlth    +.........             (no amulet)
HPRegen  0.08/turn              e - ring of attention (curse)
MPRegen  0.10/turn              (no ring)

@: no status effects
A: unfitting armour, cold-blooded, AC +5
a: no special abilities


You were on level 2 of the Dungeon.
You were hungry.

You visited 1 branch of the dungeon, and saw 2 of its levels.

You collected 75 gold pieces.

Inventory:

Hand Weapons
 c - a +0 dagger (weapon)
Missiles
 f - 17 poisoned darts (quivered)
Jewellery
 e - a cursed ring of attention (left hand)
Scrolls
 d - a scroll of noise {unknown}
 h - a scroll of blinking {unknown}
Potions
 a - 3 potions of mutation {unknown}
Comestibles
 b - 4 rations
 g - 2 chunks of flesh


   Skills:
 - Level 1.7 Dodging
 - Level 1.7 Stealth
 + Level 3.1 Spellcasting
 + Level 4.8 Conjurations


You had 7 spell levels left.
You knew the following spells:

 Your Spells              Type           Power        Failure   Level  Hunger
a - Magic Dart            Conj           ###.         2%          1    None

Your spell library contained the following spells:

 Spells                   Type           Power        Failure   Level  Hunger
 Searing Ray              Conj           ###...       3%          2    ##.....
 Dazzling Spray           Conj/Hex       ##....       21%         3    ###....
 Iskenderun's Mystic Bla  Conj           ###.....     26%         4    ####...
 Force Lance              Conj/Tloc      ##......     56%         4    ####...
 Fulminant Prism          Conj/Hex       ##........   56%         4    ####...


Dungeon Overview and Level Annotations

Branches:
Dungeon (2/15)

Altars:


Innate Abilities, Weirdness & Mutations

Your plain brown scales are hard. (AC +5)
You cannot fit into any form of body armour.
You are cold-blooded and may be slowed by cold attacks.


Message History

Confirm with . or Enter, or press ? or * to list all spells.
Aiming: Magic Dart (safe; 2% risk of failure)
Press: ? - help, Shift-Dir - straight line, f/p - gnoll
Aim: a gnoll, wielding a +0 halberd and wearing a +0 ring mail (lightly wounded)
The magic dart hits the jackal.
The jackal is almost dead.
The jackal misses you. The jackal bites you.
Casting: Magic Dart (safe; 2% risk of failure)
Confirm with . or Enter, or press ? or * to list all spells.
Aiming: Magic Dart (safe; 2% risk of failure)
Press: ? - help, Shift-Dir - straight line, f/p - gnoll
Aim: a gnoll, wielding a +0 halberd and wearing a +0 ring mail (lightly wounded)
The magic dart hits the jackal.
You kill the jackal!
The jackal barely misses you. The jackal bites you.
The jackal bites you but does no damage.
The jackal bites you but does no damage.
The gnoll hits you from afar with a +0 halberd!
You die...

## . #.. #####.#
#####. #.#####.....#
#..... ##.#...<.#####
#..... ##.........##
#..... #......g....#
#.....
#.#..h......######....
# #..@.......†........
#)........#####..#..
#.....)...# ....##..
#.........##.#####g.
#.........##.# #.[
#.........##.# #..
##.........#..# #..
#..........#.# #..
#..#..........#### ##.


You could see a gnoll and a jackal.

Vanquished Creatures
  2 gnolls (D:2)
  An adder (D:2)
  2 oozes (D:1)
  A worm (D:2)
  A dart slug (D:2)
  2 bats (D:1)
  A giant cockroach (D:1)
  A hobgoblin (D:1)
  4 jackals
  2 kobolds
  A quokka (D:2)
  A frilled lizard (D:2)
  3 goblins
22 creatures vanquished.

Notes
Turn   | Place    | Note
-------+----------+-------------------------------------------
     0 | D:1      | Faca the Draconian Conjurer began the quest for the Orb.
     0 | D:1      | Reached XP level 1. HP: 14/14 MP: 3/3
   355 | D:1      | Reached XP level 2. HP: 20/20 MP: 0/5
  1162 | D:2      | Reached XP level 3. HP: 21/26 MP: 0/7
  1615 | D:2      | Slain by a gnoll

Levels and vault maps discovered:
D:1:      minmay_arrival_doors, layout_basic, minmay_misc_feat_more_columns
D:2:      layout_rooms

Skill      XL: |  1  2  3 |
---------------+----------+-----
Spellcasting   | 3 |  3.1
Dodging        | |  1.7
Stealth        | |  1.7
Conjurations   | |  4.8

Action                   || total
-------------------------++-------
Melee: Dagger            ||    30
       Unarmed           ||     5
       Tailslap          ||     1
 Cast: Magic Dart        ||    62
  Eat: Chunk             ||     2
Armor: Skin              ||    15
Dodge: Dodged            ||    44

Table legend:
 A = Non-vault XP
 B = Vault XP
 C = Vault XP percentage of total XP
 D = Non-vault monster count
 E = Vault monster count
 F = Vault count percentage of total count
                 A         B        C        D         E       F
            +---------+---------+-------+---------+---------+-------
      Total |      92 |       0 |   0.0 |      22 |       0 |   0.0
            +---------+---------+-------+---------+---------+-------
        D:1 |      33 |       0 |   0.0 |      12 |       0 |   0.0
        D:2 |      59 |       0 |   0.0 |      10 |       0 |   0.0
            +---------+---------+-------+---------+---------+-------
